 Dungeon Crawl Stone Soup version 0.23.2-40-g277498a (webtiles) character file.

Game seed: 9948571005405850669

81 silentkaos13 the Ruffian (level 4, -3/25 HPs)
             Began as a Gargoyle Transmuter on Oct 6, 2019.
             Killed by divine providence
             ... invoked by an orc priest
              (14 damage)
             ... on level 3 of the Dungeon.
             The game lasted 00:04:58 (1936 turns).

silentkaos13 the Ruffian (Gargoyle Transmuter)      Turns: 1936, Time: 00:04:58

Health: -3/25      AC: 12    Str: 14    XL:     4   Next: 42%
Magic:  6/7        EV:  6    Int: 14    God:
Gold:   120        SH:  0    Dex: 10    Spells: 4/7 levels left

rFire    . . .     SeeInvis .     - Unarmed
rCold    . . .     Gourm    .   (no shield)
rNeg     + . .     Faith    .   k - +0 chain mail
rPois    ∞         Spirit   .   g - +0 helmet
rElec    +         Reflect  .   (no cloak)
rCorr    .         Harm     .   (no gloves)
MR       +....                  (no boots)
Stlth    ..........             (no amulet)
HPRegen  0.08/turn              x - ring of protection from magic
MPRegen  0.10/turn              (no ring)

@: very slightly contaminated
A: negative energy resistance 1, electricity resistance, unbreathing,
petrification resistance, rot immunity, AC +3
a: no special abilities


You were on level 3 of the Dungeon.
You were not hungry.

You visited 1 branch of the dungeon, and saw 3 of its levels.

You collected 120 gold pieces.

Inventory:

Missiles
 a - 37 arrows
Armour
 b - a +0 robe
 g - a +0 helmet (worn)
 k - a +0 chain mail (worn)
 u - a +0 cloak
Jewellery
 l - a cursed -3 ring of slaying
 x - a ring of protection from magic (left hand)
Scrolls
 c - a scroll of teleportation {unknown}
 e - 2 scrolls of magic mapping
 f - 2 scrolls of remove curse
 i - 2 scrolls of enchant weapon {unknown}
 n - a scroll of identify
 r - a scroll of noise {unknown}
 s - a scroll of immolation {unknown}
 v - a scroll of enchant armour {unknown}
Potions
 h - a potion of berserk rage {unknown}
 j - a potion of magic {unknown}
 m - 2 potions of degeneration {unknown}
 o - 2 potions of mutation {unknown}
 p - a potion of brilliance {unknown}
 q - a potion of haste {unknown}
 t - a potion of agility {unknown}
Comestibles
 d - 7 rations
 w - a chunk of flesh


   Skills:
 + Level 1.1 Fighting
 + Level 0.1 Armour
 + Level 1.9 Dodging
 + Level 4.5 Unarmed Combat
 + Level 2.2 Spellcasting
 + Level 2.0 Transmutations


You had 4 spell levels left.
You knew the following spells:

 Your Spells              Type           Power        Failure   Level  Hunger
a - Beastly Appendage     Tmut           #.....       97%         1    #......
b - Sticks to Snakes      Tmut           #.......     99%         2    ###....

Your spell library contained the following spells:

 Spells                   Type           Power        Failure   Level  Hunger
 Spider Form              Tmut/Pois      #.........   100%        3    ###....
 Ice Form                 Ice/Tmut       #.......     100%        4    #####..
 Blade Hands              Tmut           #.........   100%        5    ######.


Dungeon Overview and Level Annotations

Branches:
Dungeon (3/15)

Altars:
Nemelex Xobeh
Yredelemnul


Innate Abilities, Weirdness & Mutations

You are resistant to torment.
Your stone body is resilient. (AC +3)
You are immune to poison.
You resist negative energy. (rN+)
You are resistant to electric shocks. (rElec)
You can survive without breathing.
You are immune to petrification.
You are immune to rotting.


Message History

The orc priest hits you but does no damage.
The orc hits you but does no damage.
You hit the orc priest.
The orc priest is moderately wounded.
The orc priest mumbles some strange prayers to Beogh against you.
Beogh smites you!
Ouch! That really hurt!
You hit the orc priest but do no damage.
The orc priest is moderately wounded.
The orc barely misses you.
The orc priest hits you but does no damage.
You punch the orc priest!
The orc priest is almost dead.
The orc hits you but does no damage.
You closely miss the orc priest.
The orc priest is almost dead.
The orc priest calls down the wrath of Beogh upon you.
Beogh smites you!
Ouch! That really hurt!
You die...

*,,**,,,,,,,* #.#
*,,***,,_,,#####.#
*,,* **,,,*#.....##
*,,* #####*##.....#
*,,* #.#.# #.###.####
*,,* #.#.# #.# #.....
#,,* #.#.# ##.###.####
#(.###(#.###).....#
#...o@..........######
##.##o##.$......####..
*,*#.###.####........
*,,$.......,..#####..
**##.###.###### ###
#.# #.# #.###.#*
######## #.##...##
#....... *,#.....#
#.######


You could see an orc priest and an orc.

Vanquished Creatures
  2 adders (D:2)
  2 dart slugs (D:1)
  2 orcs (D:3)
  A ball python (D:1)
  2 giant cockroaches
  8 goblins
  9 hobgoblins
  5 jackals
  A quokka (D:3)
  7 bats
  2 frilled lizards
  7 kobolds
  4 rats (D:1)
52 creatures vanquished.

Notes
Turn   | Place    | Note
-------+----------+-------------------------------------------
     0 | D:1      | silentkaos13 the Gargoyle Transmuter began the quest for
                  | the Orb.
     0 | D:1      | Reached XP level 1. HP: 12/12 MP: 3/3
   128 | D:1      | Reached XP level 2. HP: 14/16 MP: 3/5
   449 | D:1      | Reached XP level 3. HP: 20/20 MP: 6/6
   453 | D:1      | Learned a level 2 spell: Sticks to Snakes
  1131 | D:2      | Reached skill level 4 in Unarmed Combat
  1144 | D:2      | Found a sparkling altar of Nemelex Xobeh.
  1144 | D:2      | Found a basalt altar of Yredelemnul.
  1290 | D:2      | Reached XP level 4. HP: 15/25 MP: 5/7
  1936 | D:3      | Killed from afar by an orc priest

Skill      XL: |  1  2  3 |
---------------+----------+-----
Transmutations | 2 |  2.0
Unarmed Combat | 4 |  4.5
Fighting       | |  1.1
Armour         | |  0.1
Dodging        | |  1.9
Spellcasting   | |  2.2

Action                   |  1- 3 |  4- 6 || total
-------------------------+-------+-------++-------
Melee: Unarmed           |   179 |    75 ||   254
       Kick              |     9 |       ||     9
       Punch             |     1 |       ||     1
 Cast: Beastly Appendage |     4 |       ||     4
  Use: Scroll            |       |     4 ||     4
  Eat: Chunk             |     1 |     3 ||     4
Armor: Robe              |    15 |       ||    15
       Chain mail        |   113 |    62 ||   175
Dodge: Dodged            |   103 |    30 ||   133
